 Dungeon Crawl Stone Soup version 0.13-a0-2236-g7be3fc8 (webtiles) character file.

481 Kae the Cudgeler (level 6, 0/53 HPs)
             Began as a Minotaur Berserker on July 4, 2013.
             Was a Priest of Trog.
             Killed by divine providence
             ... invoked by an orc priest
              (12 damage)
             ... on Level 3 of the Dungeon.
             The game lasted 00:02:26 (2799 turns).

Kae the Cudgeler (Minotaur Berserker)               Turns: 2799, Time: 00:02:26

HP   0/53        AC  2     Str 24      XL: 6   Next: 39%
MP   2/2         EV 13     Int  4      God: Trog [***...]
Gold 118         SH  0     Dex  9      Spells:  0 memorised,  5 levels left

Res.Fire  : . . .   See Invis. : .   a - +0 mace
Res.Cold  : . . .   Warding    : .   b - +0 animal skin
Life Prot.: . . .   Conserve   : .   (no shield)
Res.Poison: .       Res.Corr.  : .   (helmet restricted)
Res.Elec. : .       Clarity    : .   (no cloak)
Sust.Abil.: . .     Spirit.Shd : .   (no gloves)
Res.Mut.  : .       Stasis     : .   (no boots)
Res.Rott. : .       Flight     : .   (no amulet)
Saprovore : . . .                    (no ring)
                                     (no ring)

@: regenerating, exhausted, slowed, very slow, quite resistant to hostile
enchantments, very unstealthy
A: retaliatory headbutt, horns 2
a: Burn Spellbooks, Berserk, Trog's Hand, Renounce Religion


You were on level 3 of the Dungeon.
You worshipped Trog.
Trog was greatly pleased with you.
You were not hungry.

You visited 1 branch of the dungeon, and saw 3 of its levels.

You collected 98 gold pieces.

Inventory:

Hand weapons
 a - a +0,+0 mace (weapon)
Armour
 b - a +0 animal skin (worn)
Comestibles
 c - 6 bread rations
 h - an apple
Scrolls
 d - 3 scrolls of remove curse {unknown}
 g - 2 scrolls of teleportation {unknown}
 i - a scroll of recharging {unknown}
 j - a scroll of curse weapon {unknown}
 k - 2 scrolls of enchant weapon II {unknown}
 m - a scroll of curse armour {unknown}
 n - a scroll of magic mapping {unknown}
 p - 2 scrolls of identify {unknown}
Jewellery
 e - an uncursed ring of sustenance {unknown}
 o - an uncursed amulet of the gourmand {unknown}
Potions
 f - 3 potions of curing {unknown}
 l - a potion of speed {unknown}
 q - a potion of flight {unknown}


   Skills:
 + Level 4.8 Fighting
 * Level 6.2 Maces & Flails
 + Level 3.9 Armour
 + Level 4.2 Dodging


You had 5 spell levels left.
You didn't know any spells.

Dungeon Overview and Level Annotations

Branches:
Dungeon (3/27)

Altars:


Innate Abilities, Weirdness & Mutations

You reflexively headbutt those who attack you in melee.
You have a pair of horns on your head.


Message History

The orc priest calls upon Beogh to heal the orc.
The orc's wounds heal themselves!
The orc hits you but does no damage.
The orc priest mumbles some strange prayers to Beogh against you.
Something smites you!
The orc hits you with an orcish trident.
* * * LOW HITPOINT WARNING * * *
Use which ability? (? or * to list)
Your skin crawls.
You feel resistant to hostile enchantments.
You feel slightly more hungry. The orc closely misses you.
You furiously retaliate!
You headbutt the orc.
The orc priest hits you with an orcish falchion.
* * * LOW HITPOINT WARNING * * *
Read which item? (? for menu, Esc to quit)
Okay, then.
You barely miss the orc.
The orc is heavily wounded.
The orc priest mumbles some strange prayers to Beogh against you.
Something smites you!
You die...

##### ... #...# ....
#######...### ####.. ...........
..... ....... ....
###########.).# ### #..#
#...##...##.).## #...##..#####
##...##...##.%..#####.......#...#
.........)$....(@o...........<..#
...........(.....o.o.##.......%.#
..#####..>....(....#.###......#.#
..# #............!# ...##.#....#
### #.......#.#####.... #......#
#..?...##.# . #.......
#.....###.# ##........
#.##...##.# . ......#.... ##
#.##...##.####.. ..........


You could see 2 orc priests and an orc.

Vanquished Creatures
  Sigmund (D:3)
  A gnoll sergeant (D:3)
  4 adders (D:2)
  12 gnolls
  A worm (D:3)
  2 giant geckos
  4 oozes
  3 orcs (D:3)
  3 giant cockroaches
  8 hobgoblins
  7 bats
  4 giant newts
  10 goblins
  5 kobolds
  18 rats
83 creatures vanquished.

Vanquished Creatures (others)
  An orc (D:3)
1 creature vanquished.

Grand Total: 84 creatures vanquished

Notes
Turn   | Place    | Note
--------------------------------------------------------------
     0 | D:1      | Kae, the Minotaur Berserker, began the quest for the Orb.
     0 | D:1      | Reached XP level 1. HP: 19/19 MP: 0/0
   240 | D:1      | Reached XP level 2. HP: 20/26 MP: 0/0
   307 | D:1      | Reached skill level 4 in Maces & Flails
   358 | D:1      | Acquired Trog's second power
   706 | D:2      | Reached XP level 3. HP: 21/33 MP: 1/1
   862 | D:2      | Reached XP level 4. HP: 12/40 MP: 1/1
  1505 | D:2      | Reached skill level 5 in Maces & Flails
  1952 | D:3      | Noticed Sigmund
  1963 | D:3      | Killed Sigmund
  1963 | D:3      | Reached XP level 5. HP: 4/46 MP: 1/1
  2761 | D:3      | Reached XP level 6. HP: 41/53 MP: 2/2
  2768 | D:3      | Reached skill level 6 in Maces & Flails
  2799 | D:3      | Killed from afar by an orc priest

Action                   |  1- 3 |  4- 6 || total
-------------------------+-------+-------++-------
Melee: Mace              |    62 |   117 ||   179
Invok: Berserk           |     1 |     3 ||     4
       Trog's Hand       |     1 |     2 ||     3
